 Dungeon Crawl Stone Soup version 0.27.0-1-g7a089689b8 (webtiles) character file.

Game seed: 15096661828004958197

1550 MisterFreud the Basher (level 8, -2/48 HPs)
             Began as a Gargoyle Fighter on Aug 4, 2021.
             Killed from afar by Maggie (31 damage)
             ... with a bolt of fire
             ... on level 6 of the Dungeon.
             The game lasted 00:19:34 (9266 turns).

MisterFreud the Basher (Gargoyle Fighter)           Turns: 9266, Time: 00:19:34

Health: -2/48      AC: 19    Str: 23    XL:     8   Next: 88%
Magic:  8/8        EV:  6    Int:  8    God:
Gold:   1677       SH: 11    Dex:  9    Spells: 7/7 levels left

rFire    . . .     SeeInvis .   a - +0 flail
rCold    . . .     Faith    +   c - +1 kite shield
rNeg     + . .     Spirit   .   p - +0 chain mail
rPois    ∞         Reflect  .   (no helmet)
rElec    +         Harm     .   s - +2 cloak
rCorr    .         Rampage  .   (no gloves)
Will     .....                  (no boots)
Stlth    ..........             j - amulet of faith
HPRegen  0.16/turn              (no ring)
MPRegen  0.11/turn              (no ring)

@: very slightly contaminated, invisible
A: sickness immunity, AC +5, negative energy resistance 1, electricity
resistance, torment resistance 1, petrification resistance
a: no special abilities


You were on level 6 of the Dungeon.
You visited 1 branch of the dungeon, and saw 7 of its levels.
You also visited: Sewer.

You collected 1677 gold pieces.

Inventory:

Hand Weapons
 a - a +0 flail (weapon)
Missiles
 i - 40 poisoned darts (quivered)
 q - 4 curare-tipped darts
Armour
 c - a +1 kite shield (worn)
 f - a scarf of harm
 p - a +0 chain mail (worn)
 s - a +2 cloak (worn)
Jewellery
 j - an amulet of faith (around neck)
Wands
 b - a wand of flame (22)
 r - a wand of digging (4)
Scrolls
 g - a scroll of identify
 h - a scroll of fog
 l - a scroll of fear {unknown}
 n - 2 scrolls of enchant armour
Potions
 d - a potion of flight
 e - a potion of lignification
 k - 2 potions of brilliance


   Skills:
 + Level 4.8 Fighting
 - Level 9.0 Maces & Flails
 - Level 6.0 Armour
 + Level 4.7 Shields


You had 7 spell levels left.
You didn't know any spells.
Your spell library contained the following spells:

 Spells                   Type           Power      Damage    Failure   Level
 Freeze                   Ice            0%         1d3       100%        1
 Frozen Ramparts          Ice            0%         1d2       100%        3
 Hailstorm                Conj/Ice       0%         3d3       100%        4
 Chain Lightning          Conj/Air       0%         N/A       100%        9
 Fire Storm               Conj/Fire      0%         5d1       100%        9


Dungeon Overview and Level Annotations

Branches:
Dungeon (7/15)              Sewer (visited)
 Temple: D:4-7

Altars:
Gozag
Sif Muna
Uskayaw
Vehumet
Wu Jian

Annotations:
D:6 Grinder, Maggie


Innate Abilities, Weirdness & Mutations

You are immune to sickness and miasma.
Your stone body is resilient. (AC +5)
You are immune to poison.
You resist negative energy. (rN+)
You are resistant to electric shocks. (rElec)
You are resistant to unholy torment.
You are immune to petrification.


Message History

You sock the phantom!
The phantom is heavily damaged.
The phantom hits you but does no damage.
You thump the phantom!
The phantom is almost destroyed.
You block the phantom's attack. The phantom completely misses you.
Press: ? - help, v - describe, . - travel
Here: Maggie, wielding a +1 long sword of flaming and wearing +0 swamp dragon scales (mesmerising)
The floor.
Unknown command.
You thump the phantom!
You destroy the phantom!
Maggie points at you and mumbles some strange words.
The bolt of fire hits you!!
You fade into invisibility!
Maggie gestures wildly while chanting.
You are very lightly contaminated with residual magic.
You block Maggie's attack.
You hit Maggie.
Maggie is lightly wounded.
You block Maggie's attack.
You hit Maggie but do no damage.
Maggie is lightly wounded.
Maggie hits you but does no damage.
You thump Maggie!
Maggie is moderately wounded.
Maggie hits you but does no damage. You block Maggie's attack.
You hit Maggie but do no damage.
Maggie is moderately wounded.
You break out of your daze.
Maggie barely misses you.
You barely miss Maggie.
Maggie is moderately wounded.
You block Maggie's attack.
You closely miss Maggie.
Maggie is moderately wounded.
Maggie points at you and mumbles some strange words.
The bolt of fire hits you!!
Ouch! That really hurt!
You die...

.# ##........### #.# ### .#
#....##...# .. #.. ..###
.#######.##.####.#####.##.###.#..
.#.##.....)>....@................
.#.##.##.#######.########........
...## #. #.########.#)....# .#.#
.. #.....@....###.#.# ##.# ###
#############.....# ÷..# #####
#@@<# ##....##.#... #### #...#
#.#####.#.#....#... ########.#.#
#..W@...#'######... .........#.#
#####.[.....# #... ##########.#
#.......# #... #....###.#
#.......# #### #.##.....#
############# ###.######## #...#
# ..#.######### #...# #≈


You could see Maggie.

Vanquished Creatures
  A sky beast (D:5)
  An ice beast (D:5)
  2 phantoms
  Blork the orc (D:6)
  A gnoll sergeant (D:7)
  A wyvern zombie (D:6)
  2 bullfrogs (Sewer)
  A water moccasin zombie (D:5)
  A jelly (D:6)
  A bullfrog zombie (D:5)
  A bullfrog skeleton (D:5)
  2 orc priests (D:5)
  Crazy Yiuf (D:4)
  3 hounds
  4 iguanas
  3 orc wizards
  A scorpion zombie (D:5)
  A killer bee zombie (D:6)
  A howler monkey skeleton (D:5)
  4 gnolls
  15 adders
  An ufetubus (D:4)
  2 worms
  3 dart slugs
  11 orcs
  21 endoplasms
  20 giant cockroaches
  4 goblins
  8 hobgoblins
  5 jackals
  13 quokkas
  14 ball pythons
  2 bats
  18 frilled lizards
  A kobold (D:5)
  4 rats
175 creatures vanquished.

Vanquished Creatures (others)
  14 plants (D:2)
14 creatures vanquished.

Grand Total: 189 creatures vanquished

Notes
Turn   | Place    | Note
-------+----------+-------------------------------------------
     0 | D:1      | MisterFreud the Gargoyle Fighter began the quest for the
                  | Orb.
     0 | D:1      | Reached XP level 1. HP: 14/14 MP: 1/1
   240 | D:1      | Reached XP level 2. HP: 19/19 MP: 2/2
   334 | D:1      | Reached skill level 3 in Maces & Flails
   715 | D:1      | Found a faded altar of an unknown god.
   940 | D:2      | Reached XP level 3. HP: 23/23 MP: 3/3
  1081 | D:2      | Reached skill level 4 in Maces & Flails
  1297 | D:2      | Reached XP level 4. HP: 23/28 MP: 4/4
  1508 | D:2      | Found a hide-covered altar of Uskayaw.
  1924 | D:3      | Identified a scroll of acquirement
  1924 | D:3      | Acquired 1303 gold pieces
  2057 | D:3      | Found a glowing drain.
  2082 | Sewer    | Entered a sewer
  2546 | Sewer    | HP: 1/42 [frozen (3)]
  2922 | Sewer    | Reached skill level 5 in Maces & Flails
  2922 | Sewer    | Reached XP level 5. HP: 28/32 MP: 5/5
  3635 | Sewer    | Reached skill level 6 in Maces & Flails
  3635 | Sewer    | Reached XP level 6. HP: 13/37 MP: 6/6
  4422 | D:3      | Found an opulent altar of Gozag.
  4721 | D:4      | Found a runed translucent door.
  4722 | D:4      | Noticed Crazy Yiuf
  4780 | D:4      | Reached skill level 7 in Maces & Flails
  5469 | D:4      | Killed Crazy Yiuf
  5704 | D:5      | Entered Level 5 of the Dungeon
  5740 | D:4      | Reached XP level 7. HP: 20/41 MP: 7/7
  5969 | D:5      | Found a shimmering blue altar of Sif Muna.
  6053 | D:5      | Found a radiant altar of Vehumet.
  6381 | D:5      | Found an ornate altar of the Wu Jian Council.
  6892 | D:5      | Reached skill level 8 in Maces & Flails
  6892 | D:5      | Reached skill level 5 in Armour
  6971 | D:5      | Reached XP level 8. HP: 37/46 MP: 8/8
  7476 | D:6      | HP: 1/46 [gnoll shaman (3)]
  7484 | D:6      | Noticed Grinder
  8006 | D:5      | Reached skill level 9 in Maces & Flails
  8418 | D:6      | Noticed Blork the orc
  8642 | D:6      | Noticed Maggie
  8834 | D:6      | Killed Blork the orc
  9266 | D:6      | Killed from afar by Maggie

Illustrated notes

Levels and vault maps discovered:
D:1:      wander_arrival_desolate, layout_loops_ring,
          ebering_ecumenical_altar_mist, hex_medium, minmay_misc_feat_rows
D:2:      layout_loops_cross, basic_altar, serial_bayou, serial_bayou_lake_a,
          serial_bayou_pond_a, serial_bayou_pond_b, serial_bayou_shore_b
D:3:      layout_loops_ring, grunt_gozag_statues, portal_sewer_entry_f
D:4:      layout_loops_cross, chequers_serial_rivers_small_3,
          columned_hall_lemuel, uniq_crazy_yiuf_cottage
D:5:      layout_gridville, mainiacjoe_overflow_catwalk,
          nicolae_sif_muna_condensation, vehumet_altar_wand_db,
          minmay_increasing_density
D:6:      layout_basic, chequers_serial_rivers_small_3,
          kennysheep_generic_room_10, uniq_grinder, uniq_maggie,
          uniq_blork_the_orc
D:7:      layout_basic, minmay_temple_entry_gardened_gates, minmay_door_square

Skill      XL: |  1  2  3  4  5  6  7  8 |
---------------+-------------------------+-----
Maces & Flails | 3 4 5 6 7 8 9 |  9.0
Armour         | 5 6 |  6.0
Fighting       | 4 |  4.8
Shields        | 4 |  4.7

Action                   |  1- 3 |  4- 6 |  7- 9 || total
-------------------------+-------+-------+-------++-------
Melee: Flail             |   119 |   408 |   335 ||   862
Throw: Dart              |       |     3 |       ||     3
Evoke: Wand              |       |       |     1 ||     1
  Use: Scroll            |       |     5 |     9 ||    14
       Potion            |       |     4 |     3 ||     7
Armor: Scale mail        |    59 |   245 |       ||   304
       Skin              |       |    38 |       ||    38
       Chain mail        |       |    20 |   196 ||   216
Dodge: Dodged            |    39 |   177 |    66 ||   282
Block: Kite shield       |    69 |   269 |   158 ||   496
